AoeStats
← vivaelchacho

Arabia

508269078Analyzed
2v2 RM · 9d ago on Sep 21, 2026· 47m 19s· 4 players
Game mode
Random Map
Map size
Medium (4 player)
Population
200
Speed
Normal
Resources
Standard
Victory
Conquest
Starting age
Dark Age
Ending age
Imperial Age
RankedLock teamsTeams togetherTeam positionsShared explorationLock speedFull tech treeHidden civsTurbo modeCheats
Victory
Defeat
🇵🇪 Mongols · Peru
1214
+13
🇧🇬 Celts · Bulgaria
1175
+15
🇪🇸 Persians · Spain
1173
-15
🇦🇷 Vietnamese · Argentina
1134
-13
qwka224
10:35 Feudal Age
11:40 Double-Bit Axe
14:29 Horse Collar
17:27 Forging
19:47 Castle Age
18:34 Scale Barding Armor
20:30 Forging
20:33 Loom
23:04 Gold Mining
24:25 Husbandry
26:41 Heavy Plow
27:35 Wheelbarrow
28:42 Iron Casting
30:29 Chain Barding Armor
35:12 Hand Cart
40:44 Imperial Age
41:08 Cavalier
42:54 Blast Furnace
43:12 Paladin
47:43 Conscription
Pinchost
7:45 Loom
10:06 Feudal Age
10:44 Double-Bit Axe
15:11 Scale Barding Armor
16:16 Bloodlines
22:29 Castle Age
21:45 Forging
21:30 Gold Mining
22:45 Light Cavalry
23:51 Bow Saw
23:25 Horse Collar
24:12 Chain Barding Armor
25:38 Iron Casting
27:13 Wheelbarrow
28:36 Husbandry
28:48 Pikeman
30:06 Heavy Plow
32:02 Hand Cart
32:04 Scale Mail Armor
32:28 Squires
35:30 Gold Shaft Mining
35:50 Chain Mail Armor
35:56 Stone Mining
40:27 Imperial Age
39:50 Fletching
41:34 Conscription
42:16 Blast Furnace
41:12 Bodkin Arrow
41:21 Arson
42:11 Plate Mail Armor
41:34 Elite Mangudai
43:22 Hussar
44:12 Thumb Ring
43:27 Crossbowman
45:34 Heavy Camel Rider
46:57 Bracer
aleix2003
6:54 Loom
9:17 Feudal Age
11:10 Wheelbarrow
10:29 Double-Bit Axe
12:54 Horse Collar
25:17 Castle Age
24:37 Bloodlines
24:29 Scale Mail Armor
24:38 Scale Barding Armor
25:00 Gold Mining
25:23 Forging
30:51 Chain Barding Armor
30:34 Husbandry
32:14 Iron Casting
34:03 Gold Shaft Mining
34:12 Light Cavalry
35:30 Hand Cart
vivaelchacho
7:21 Loom
10:04 Feudal Age
11:42 Double-Bit Axe
18:05 Fletching
19:33 Padded Archer Armor
20:07 Gold Mining
25:20 Castle Age
26:09 Bodkin Arrow
25:35 Crossbowman
27:11 Squires
27:30 Leather Archer Armor
27:15 Scale Mail Armor
30:55 Pikeman
35:04 Chain Mail Armor
34:59 Forging
37:25 Imperial Age
36:53 Ballistics
37:46 Arbalester
40:18 Bow Saw
41:30 Wheelbarrow
Connection lost

Rejoining the realm…

Still unreachable

The connection could not be restored.

Session expired

The server has moved on; the page needs a fresh start.